 Dungeon Crawl Stone Soup version 0.19-a0-644-gd04d753 (webtiles) character file.

201989 Folque01 the Tortoise (level 17, -3/140 HPs)
             Began as a Demonspawn Gladiator on June 13, 2016.
             Was the Champion of Hepliaklqana.
             Slain by an azure jelly (38 damage)
             ... created by the Royal Jelly
             ... on level 4 of the Pits of Slime on June 14, 2016.
             The game lasted 06:16:30 (28356 turns).

Folque01 the Tortoise (Demonspawn Gladiator)       Turns: 28356, Time: 06:16:33

Health: -3/140     AC: 40    Str: 21    XL:     17   Next: 93%
Magic:  21/21      EV: 19    Int: 12    God:    Hepliaklqana [******]
Gold:   2364       SH:  8    Dex: 20    Spells: 1 memorised, 15 levels left

rFire  . . .     SeeInvis +     J - +0 demon whip (elec)
rCold  . . .     Gourm    .     u - +10 plate armour
rNeg   . . .     Faith    .     H - +1 buckler of Orthodoxy {rElec rPois MR+ Str-2}
rPois  +         Spirit   .     c - +2 helmet
rElec  +         Dismiss  .     w - +0 cloak of Pakellas's Approval {+Inv +Fly SInv}
rCorr  +         Reflect  .     (gloves unavailable)
SustAt .         Harm     .     j - +0 pair of boots
MR     +++..     Rnd*Rage +     M - amulet of regeneration
Stlth  ..........               a - +3 ring of protection
                                D - ring of resist corrosion

@: mighty, agile, extremely resistant to hostile enchantments, extremely
unstealthy
A: claws 3, rough black scales 1, berserk 1, blurry vision 1, demonic guardian
2, magic resistance 1, mutation resistance 1, spiny 3, augmentation 1, subdued
magic 1
a: Recall Ancestor, Ancestor Identity, Transference, Idealise, Renounce
Religion, Evoke Invisibility, Evoke Flight
}: 1/15 runes: gossamer


You were on level 4 of the Pits of Slime.
You worshipped Hepliaklqana.
Hepliaklqana was exalted by your worship.
You were not hungry.

You visited 9 branches of the dungeon, and saw 36 of its levels.

You collected 2364 gold pieces.

Inventory:

Hand Weapons
 J - a +0 demon whip of electrocution (weapon)
Missiles
 d - 9 throwing nets
 s - 4 tomahawks of dispersal
 O - 78 tomahawks (quivered)
Armour
 c - a +2 helmet (worn)
 j - a +0 pair of boots (worn)
 u - a +10 plate armour (worn)
 w - the +0 cloak of Pakellas's Approval (worn) {+Inv +Fly SInv}
   (You acquired it on level 15 of the Dungeon)

   It lets you see invisible.
   It lets you turn invisible.
   It lets you fly.
 C - a +7 plate armour of ponderousness
 F - a +2 cloak of poison resistance
 H - the +1 buckler of Orthodoxy (worn) {rElec rPois MR+ Str-2}
   (You acquired it on level 15 of the Dungeon)

   It affects your strength (-2).
   It insulates you from electricity.
   It protects you from poison.
   It affects your resistance to hostile enchantments.
Jewellery
 a - a +3 ring of protection (right claw)
 g - an uncursed ring of protection from magic
 D - a ring of resist corrosion (left claw)
 M - an amulet of regeneration (around neck)
Wands
 b - a wand of disintegration (6/24)
 f - a wand of digging (16/24)
 n - a wand of paralysis (17/24)
 t - a wand of lightning (7/15)
 y - a wand of paralysis (13/24)
 z - a wand of teleportation (1/9)
 E - a wand of confusion (19/48)
 K - a wand of heal wounds (0/9)
 L - a wand of acid (6/15)
 N - a wand of acid (2/15)
 Y - a wand of paralysis (12/24)
Scrolls
 e - 6 scrolls of teleportation
 l - 2 scrolls of magic mapping
 r - 3 scrolls of fog
 x - 6 scrolls of identify
 I - a scroll of remove curse
 V - a scroll of fear
Potions
 h - 2 potions of magic
 i - a potion of resistance
 k - 12 potions of curing
 o - a potion of invisibility
 p - a potion of berserk rage
 v - 2 potions of haste
 A - 2 potions of agility
 P - 6 potions of flight
 X - a potion of might
Miscellaneous
 B - a fan of gales
 G - a lamp of fire
 Q - a disc of storms
 Z - a fan of gales
Comestibles
 m - 8 beef jerkies
 q - 9 bread rations
 R - 20 fruits
 S - 11 meat rations


   Skills:
 - Level 14.4 Fighting
 * Level 12.3(14.2) Maces & Flails
   Level 12.1(14.1) Staves
 - Level 5.0 Throwing
 - Level 15.0 Armour
 + Level 11.1 Dodging
 * Level 9.4 Shields
 - Level 6.0 Invocations


You had 15 spell levels left.
You knew the following spells:

 Your Spells              Type           Power        Failure   Level  Hunger
a - Apportation           Tloc           #.........   100%        1    ##.....


Dungeon Overview and Level Annotations

Branches:
Dungeon (15/15)            Temple (1/1) D:4            Lair (6/6) D:11
 Shoals (1/4) Lair:3       Spider (4/4) Lair:3        Slime (5/5) Lair:5
    Orc (2/2) D:12            Elf (1/3) Orc:2        Vaults (0/5) D:13
 Depths (1/5) D:15

Altars:
Ashenzari
Cheibriados
Dithmenos
Elyvilon
Fedhas
Gozag
Hepliaklqana
Kikubaaqudgha
Makhleb
Nemelex Xobeh
Okawaru
Pakellas
Qazlal
Ru
Sif Muna
Trog
Uskayaw
Vehumet
Xom
Yredelemnul
Zin
The Shining One
Beogh

Shops:
D:13 %   Orc:2 %}(*%

Annotations:
Slime:5 Royal Jelly


Innate Abilities, Weirdness & Mutations

You have claws for hands.
You are partially covered in rough black scales. (AC +4, Dex -1)
A demonic guardian rushes to your aid.
You are completely covered in sharp spines.
Your magical and physical power is slightly enhanced at high health.
You tend to lose your temper in combat.
Scrolls take you a little longer to read.
You are resistant to hostile enchantments. (MR+)
You are somewhat resistant to further mutation.
Your spells are a little easier to cast, but a little less powerful.


Message History

The azure jelly hits you but does no damage.
The azure jelly barely misses you.
The azure jelly hits you but does no damage. x2
You block the azure jelly's attack. The azure jelly misses you. x2
The azure jelly hits you but does no damage.
You whack the azure jelly!
The azure jelly is severely wounded.
The azure jelly barely misses you. You block the azure jelly's attack.
The azure jelly hits you but does no damage. x2
You thrash the azure jelly!!
You kill the azure jelly!
That felt strangely unrewarding.
You block the azure jelly's attack.
The azure jelly hits you but does no damage. x3
You thrash the azure jelly!!
The azure jelly is moderately wounded.
The azure jelly hits you but does no damage.
The azure jelly hits you.
* * * LOW HITPOINT WARNING * * *
The azure jelly freezes you!!!
You die...

#..... ###..## ######
##.....#
###....#######.......
##.......##......###.#
#...........>...## ##
##..............##
#.....3.........#
#.....@J.......##
#.....^.##..#.##
##......#...#.##
#......#.......#
#...........#.##
#............##
##............#
##........##.##
#........## ##


You could see an azure jelly and a friendly sun demon.

Vanquished Creatures
  Rupert (D:15)
  12 acid blobs
  5 azure jellies
  2 ghost moths
  An emperor scorpion (Spider:4)
  Azrael (D:15)
  A spark wasp (Spider:3)
  Snorg (D:13)
  A death ooze (Slime:5)
  2 great orbs of eyes (Slime:4)
  6 hydras
  A queen ant (Spider:1)
  3 centaur warriors
  A death yak (Lair:4)
  An orc high priest (Orc:2)
  A titan zombie (D:15)
  An unseen horror (D:15)
  9 orb spiders
  12 wolf spiders
  6 hill giants
  5 orc knights
  An orb spider (shapeshifter) (D:14)
  3 deep elf magi
  A griffon (Lair:3)
  A cyclops (D:13)
  A hornet (Spider:4)
  2 orc sorcerers
  A tengu skeleton (D:15)
  2 shining eyes (Slime:5)
  3 ugly things
  3 elephants (Lair:5)
  A moth of wrath (Spider:4)
  A black mamba (shapeshifter) (D:13)
  An eye of devastation (Slime:5)
  A torpor snail (Spider:3)
  3 black mambas
  A gargoyle (D:12)
  8 spiny frogs
  2 rime drakes
  3 komodo dragons
  A yaktaur (D:15)
  2 kobold demonologists
  9 demonic crawlers
  2 spriggan druids (Lair:6)
  2 merfolk (Shoals:1)
  13 jumping spiders
  5 meliai (D:13)
  8 polar bears
  14 blink frogs
  2 boulder beetles
  7 trolls
  2 two-headed ogres (D:13)
  50 slime creatures
  41 redbacks
  8 spriggans (Lair:6)
  A shadow (D:15)
  A wyvern (D:11)
  8 yaks
  2 fire elementals (D:15)
  5 hogs (Lair:6)
  A human (shapeshifter) (D:15)
  A basilisk (D:15)
  18 tarantellas
  6 hippogriffs
  2 wraiths
  13 golden eyes
  A hungry ghost (D:13)
  9 wargs
  A mottled dragon (D:9)
  2 hell hounds (D:15)
  7 soldier ants (Spider:1)
  4 porcupines
  6 water moccasins
  36 orc warriors
  3 wasps
  4 black bears (Lair:6)
  2 ice beasts
  An ice beast (shapeshifter) (D:11)
  7 ogres
  19 wolves
  2 eyes of draining
  A phantom (D:7)
  13 centaurs
  13 crocodiles
  4 big kobolds
  14 giant frogs
  2 wyvern zombies
  5 scorpions
  15 killer bees
  5 wights
  4 electric eels
  10 crimson imps
  2 giant frog zombies
  A hound (shapeshifter) (Lair:6)
  5 hounds
  11 jellies
  25 orc wizards
  11 orc priests
  Crazy Yiuf (D:4)
  A gnoll shaman (D:4)
  5 centaur skeletons
  3 giant frog skeletons
  Ijyb (D:3)
  6 iguanas
  24 worker ants
  8 sheep
  A hound zombie (D:5)
  A howler monkey zombie (D:7)
  A gnoll (D:4)
  A howler monkey skeleton (D:3)
  36 river rats
  10 adders
  4 shadow imps
  An adder zombie (D:8)
  3 oozes
  An adder skeleton (D:4)
  A worm (D:6)
  3 dart slugs
  A dart slug (shapeshifter) (D:10)
  5 giant geckos
  75 orcs
  2 ball pythons
  7 giant cockroaches
  6 goblins
  7 hobgoblins
  4 jackals (D:3)
  3 quokkas
  5 bats
  A giant gecko skeleton (D:8)
  5 giant newts
  22 kobolds
  9 rats
  2 fungi (Lair:6)
  2 plants
849 creatures vanquished.

Vanquished Creatures (collateral kills)
  8 acid blobs
  5 azure jellies
  Aizul (Spider:4)
  A ghost moth (Spider:4)
  6 emperor scorpions
  A spark wasp (Spider:4)
  A great orb of eyes (Slime:5)
  Erolcha (D:8)
  A hydra (Lair:5)
  2 centaur warriors
  2 merfolk avatars (Shoals:1)
  2 ogre magi (D:13)
  Erica (D:8)
  A death yak (Lair:4)
  A dancing weapon (Elf:1)
  Nergalle (Lair:2)
  3 skeletal warriors
  A flayed ghost (D:15)
  A sea snake (Shoals:1)
  A deep elf archer (D:13)
  4 hill giants
  A necromancer (D:15)
  Pikel (D:6)
  5 orc knights
  5 deep elf magi
  2 shining eyes
  A hornet (Spider:3)
  An ugly thing (D:12)
  2 manticores
  6 wolf spiders
  8 orb spiders
  A griffon (Lair:3)
  Maurice (D:8)
  2 elephants (Lair:5)
  A centaur zombie (D:14)
  An eye of devastation (Slime:1)
  4 black mambas
  A centaur skeleton (D:15)
  A spriggan zombie (D:15)
  A kobold demonologist (D:14)
  2 spiny frogs
  A rime drake (Lair:1)
  4 komodo dragons
  5 demonic crawlers
  A queen bee (D:10)
  A meliai (D:13)
  11 jumping spiders
  A polar bear (Lair:6)
  2 trolls
  2 merfolk (Shoals:1)
  2 two-headed ogres
  10 blink frogs
  A snapping turtle (Shoals:1)
  26 slime creatures
  3 tarantellas
  14 redbacks
  A spriggan (Lair:6)
  A fire dragon skeleton (D:15)
  12 yaks
  2 wyverns
  A basilisk (Lair:1)
  A fire elemental (D:15)
  A golden eye (Slime:5)
  2 hogs (Lair:6)
  3 hippogriffs
  2 wraiths
  2 hungry ghosts
  Menkaure (D:6)
  9 soldier ants
  A hell hound (D:15)
  3 water moccasins
  A porcupine (Lair:3)
  13 orc warriors
  An ice beast (D:11)
  3 sky beasts
  7 ogres
  A boggart (shapeshifter) (D:12)
  3 eyes of draining
  2 wasps
  3 black bears
  A phantom (D:5)
  2 wolves (Lair:6)
  6 centaurs
  8 crocodiles
  3 big kobolds
  8 giant frogs
  3 scorpions
  8 wights
  14 killer bees
  An electric eel (D:9)
  A crimson imp (D:8)
  A giant frog skeleton (D:13)
  2 orc priests
  3 hounds
  2 jellies (Lair:5)
  5 orc wizards
  8 iguanas
  16 worker ants
  5 sheep
  4 gnolls (D:4)
  17 river rats
  A shadow imp (D:5)
  An ooze (Lair:5)
  A giant gecko (D:5)
  20 orcs
  4 kobolds
  A quokka (D:9)
  A butterfly (Lair:1)
  A fungus (Lair:2)
400 creatures vanquished.

Vanquished Creatures (others)
  Kirke (Lair:6)
  A siren (Shoals:1)
  A merfolk (Shoals:1)
  An electric eel (D:11)
  29 battlemagi
  An ancestor (D:4)
  An orc (D:11)
  9 fungi
  7 plants
  A withered plant (D:15)
52 creatures vanquished.

Grand Total: 1301 creatures vanquished

Notes
Turn   | Place    | Note
--------------------------------------------------------------
     0 | D:1      | Folque01 the Demonspawn Gladiator began the quest for the Orb.
     0 | D:1      | Reached XP level 1. HP: 16/16 MP: 1/1
   226 | D:1      | Gained mutation: You are partially covered in rough black scales. (AC +4, Dex -1) [demonic ancestry]
   226 | D:1      | Reached XP level 2. HP: 19/23 MP: 2/2
   776 | D:2      | Reached XP level 3. HP: 27/29 MP: 3/3
  1321 | D:3      | Reached skill level 1 in Staves
  1573 | D:3      | Found a glowing silver altar of Zin.
  1595 | D:3      | Gained mutation: A weak demonic guardian rushes to your aid. [demonic ancestry]
  1595 | D:3      | Reached XP level 4. HP: 32/36 MP: 4/4
  1598 | D:3      | Noticed Ijyb
  1620 | D:3      | Killed Ijyb
  2308 | D:4      | Reached XP level 5. HP: 40/42 MP: 5/5
  2336 | D:4      | Found a hide-covered altar of Uskayaw.
  2337 | D:4      | Noticed a dagger
  2338 | D:4      | Noticed a dagger
  2574 | D:4      | Gained mutation: You have sharp fingernails. [demonic ancestry]
  2574 | D:4      | Reached XP level 6. HP: 48/50 MP: 6/6
  2609 | D:4      | Reached skill level 5 in Fighting
  2643 | D:4      | Found a staircase to the Ecumenical Temple.
  2649 | Temple   | Entered the Ecumenical Temple
  2801 | Temple   | Became a worshipper of Hepliaklqana
  2914 | D:4      | Found a sparkling altar of Nemelex Xobeh.
  3051 | D:4      | Noticed Crazy Yiuf
  3062 | D:4      | Killed Crazy Yiuf
  3217 | D:5      | Entered Level 5 of the Dungeon
  3218 | D:5      | Found a sacrificial altar of Ru.
  3250 | D:5      | Gained mutation: A demonic guardian rushes to your aid. [demonic ancestry]
  3250 | D:5      | Reached XP level 7. HP: 12/56 MP: 7/7
  3453 | D:5      | Found a glowing golden altar of the Shining One.
  3504 | D:5      | Reached * piety under Hepliaklqana
  4304 | D:6      | Found a shimmering altar of Xom.
  4417 | D:6      | Reached skill level 1 in Armour
  4423 | D:6      | Gained mutation: You are partially covered in sharp spines. [demonic ancestry]
  4423 | D:6      | Reached XP level 8. HP: 65/65 MP: 8/8
  4443 | D:6      | Reached skill level 2 in Armour
  4557 | D:6      | Reached skill level 3 in Armour
  4580 | D:6      | Noticed Pikel
  4588 | D:6      | Killed Pikel
  4588 | D:6      | Reached skill level 5 in Armour
  4657 | D:6      | Noticed Menkaure
  4659 | D:6      | Killed Menkaure
  4659 | D:6      | Reached XP level 9. HP: 73/73 MP: 9/9
  4895 | D:7      | Reached skill level 6 in Armour
  5180 | D:7      | Gained mutation: You are resistant to electric shocks. (rElec) [mutagenic meat]
  5181 | D:7      | Gained mutation: You have large cloven feet. [mutagenic meat]
  5182 | D:7      | Gained mutation: Armour fits poorly on your strangely shaped body. [mutagenic meat]
  5183 | D:7      | Lost mutation: You have large cloven feet. [potion of cure mutation]
  5183 | D:7      | Lost mutation: You are resistant to electric shocks. (rElec) [potion of cure mutation]
  5183 | D:7      | Lost mutation: Armour fits poorly on your strangely shaped body. [potion of cure mutation]
  5257 | D:7      | Reached skill level 7 in Armour
  5501 | D:7      | Reached ** piety under Hepliaklqana
  5502 | D:7      | Remembered your ancestor Inhapi as a battlemage
  5578 | D:7      | Found a stormy altar of Qazlal.
  5634 | D:8      | Noticed Erolcha
  5644 | D:8      | Killed Erolcha
  5644 | D:8      | Reached skill level 8 in Armour
  5826 | D:8      | Gained mutation: You have very sharp fingernails. [demonic ancestry]
  5826 | D:8      | Reached XP level 10. HP: 83/83 MP: 10/10
  5840 | D:8      | Noticed Erica
  5841 | D:8      | Noticed Maurice
  5846 | D:8      | Killed Erica
  5849 | D:8      | Killed Maurice
  5849 | D:8      | Reached skill level 9 in Armour
  5895 | D:8      | Found an iron altar of Okawaru.
  5942 | D:8      | Found an oddly glowing altar of Pakellas.
  5981 | D:8      | Found a burning altar of Makhleb.
  6041 | D:8      | Found a sparkling altar of Nemelex Xobeh.
  6212 | D:9      | Noticed a centaur warrior
  6219 | D:9      | Killed a centaur warrior
  6447 | D:9      | Reached skill level 10 in Armour
  6599 | D:9      | Reached skill level 10 in Fighting
  6848 | D:9      | Found an ancient bone altar of Kikubaaqudgha.
  6852 | D:9      | Found a radiant altar of Vehumet.
  6884 | D:9      | Reached *** piety under Hepliaklqana
  7029 | D:10     | Entered Level 10 of the Dungeon
  7331 | D:10     | Gained mutation: You are mostly covered in sharp spines. [demonic ancestry]
  7331 | D:10     | Reached XP level 11. HP: 90/92 MP: 11/11
  7603 | D:10     | Reached skill level 11 in Armour
  7607 | D:10     | Reached skill level 5 in Staves
  7815 | D:11     | Noticed a hill giant
  7815 | D:11     | Noticed a green ugly thing
  7820 | D:11     | Killed a hill giant
  7821 | D:11     | Noticed a purple ugly thing
  7824 | D:11     | Killed a green ugly thing
  7828 | D:11     | Killed a purple ugly thing
  7925 | D:11     | Noticed a hill giant
  7931 | D:11     | Killed a hill giant
  7957 | D:11     | Gained mutation: You are frail. (-10% HP) [potion of mutation]
  7957 | D:11     | Gained mutation: Scrolls take you a little longer to read. [potion of mutation]
  7957 | D:11     | Gained mutation: You are dopey. (Int -2) [potion of mutation]
  8073 | D:11     | Reached **** piety under Hepliaklqana
  8152 | D:11     | Found a staircase to the Lair.
  8527 | Lair:1   | Entered Level 1 of the Lair of Beasts
  8535 | Lair:1   | Reached skill level 5 in Dodging
  8541 | Lair:1   | Upgraded the game from 0.19-a0-627-g7ac35de to 0.19-a0-644-gd04d753
  9255 | Lair:2   | Reached XP level 12. HP: 79/88 MP: 10/12
  9394 | Lair:2   | Noticed Nergalle
  9404 | Lair:2   | Killed Nergalle
  9512 | Lair:2   | Noticed a five-headed hydra
  9520 | Lair:2   | Killed a five-headed hydra
  9520 | Lair:2   | Reached skill level 10 in Staves
 10538 | Lair:3   | Found a staircase to the Shoals.
 10578 | Lair:3   | Found a hole to the Spider Nest.
 10656 | Lair:3   | Reached ***** piety under Hepliaklqana
 10893 | Shoals:1 | Entered Level 1 of the Shoals
 11037 | Lair:4   | Noticed a death yak
 11038 | Lair:4   | Noticed a death yak
 11038 | Lair:4   | Noticed a death yak
 11053 | Lair:4   | Noticed an azure jelly
 11053 | Lair:4   | a death yak changed into an azure jelly
 11064 | Lair:4   | Killed an azure jelly
 11082 | Lair:4   | Killed a death yak
 11082 | Lair:4   | Gained mutation: Your magical and physical power is slightly enhanced at high health. [demonic ancestry]
 11082 | Lair:4   | Reached XP level 13. HP: 53/93 MP: 13/13
 11288 | Lair:4   | Reached skill level 12 in Armour
 12262 | Lair:5   | Found a staircase to the Slime Pits.
 12790 | Lair:5   | Reached skill level 13 in Armour
 13113 | Lair:6   | Entered Level 6 of the Lair of Beasts
 13215 | Lair:6   | Noticed Kirke
 13239 | Lair:6   | Noticed a sphinx
 13247 | Lair:6   | Killed Kirke
 13606 | Lair:6   | Reached skill level 14 in Armour
 13689 | Lair:6   | Gained mutation: You are completely covered in sharp spines. [demonic ancestry]
 13689 | Lair:6   | Reached XP level 14. HP: 93/99 MP: 14/14
 13837 | Lair:6   | Lost mutation: You are dopey. (Int -2) [potion of cure mutation]
 13837 | Lair:6   | Lost mutation: Scrolls take you a little longer to read. [potion of cure mutation]
 13837 | Lair:6   | Lost mutation: You are frail. (-10% HP) [potion of cure mutation]
 14289 | D:12     | Reached ****** piety under Hepliaklqana
 14340 | D:12     | You fall through a shaft for 3 floors!
 14340 | D:15     | Entered Level 15 of the Dungeon
 14379 | D:15     | Found a staircase to the Depths.
 14445 | D:13     | Noticed Snorg
 14455 | D:13     | Killed Snorg
 14491 | D:13     | Learned a level 1 spell: Apportation
 14505 | D:13     | Gained mutation: You are resistant to hostile enchantments. (MR+) [mutagenic meat]
 14591 | D:13     | Reached skill level 15 in Armour
 14719 | D:13     | Found a gate to the Vaults.
 15006 | D:12     | Found a staircase to the Orcish Mines.
 15450 | D:12     | Gained mutation: You are somewhat resistant to further mutation. [potion of mutation]
 15601 | D:13     | Reached skill level 5 in Throwing
 15660 | D:13     | Reached skill level 1 in Invocations
 15700 | D:13     | Reached skill level 10 in Dodging
 15721 | D:13     | Found Gitaept's Food Shop.
 15984 | D:13     | Found a portal to a secret trove of treasure.
 16859 | D:15     | Noticed Rupert
 16871 | D:15     | Killed Rupert
 16871 | D:15     | Gained mutation: You have claws for hands. [demonic ancestry]
 16871 | D:15     | Reached XP level 15. HP: 96/118 MP: 13/18
 16913 | D:15     | Identified 2 scrolls of acquirement
 16914 | D:15     | Got a shimmering cloak
 16925 | D:15     | Identified the +0 cloak of Pakellas's Approval {+Inv +Fly SInv} (You acquired it on level 15 of the Dungeon)
 16926 | D:15     | Got a jewelled buckler
 16933 | D:15     | Identified the +1 buckler of Orthodoxy {rElec rPois MR+ Str-2} (You acquired it on level 15 of the Dungeon)
 17024 | D:15     | Reached skill level 5 in Invocations
 17348 | D:15     | Remembered your ancestor Inhapi casting Bolt of Magma
 17359 | D:15     | Noticed Azrael
 17376 | D:15     | Killed Azrael
 17748 | D:14     | Gained mutation: You tend to lose your temper in combat. [mutagenic meat]
 17808 | Depths:1 | Entered Level 1 of the Depths
 18114 | Spider:1 | Entered Level 1 of the Spider Nest
 19468 | Spider:2 | Reached skill level 1 in Shields
 20737 | Spider:3 | Killed a ghost moth
 20737 | Spider:3 | Reached skill level 5 in Shields
 21014 | Spider:3 | Reached XP level 16. HP: 131/131 MP: 20/20
 21558 | Spider:3 | Reached skill level 5 in Maces & Flails
 21807 | Spider:4 | Entered Level 4 of the Spider Nest
 22245 | Spider:4 | Noticed Aizul
 22258 | Spider:4 | Killed Aizul
 23188 | Spider:4 | Got a gossamer rune of Zot
 23693 | Orc:1    | Entered Level 1 of the Orcish Mines
 23781 | Orc:2    | Entered Level 2 of the Orcish Mines
 23781 | Orc:2    | Found a staircase to the Elven Halls.
 23801 | Orc:2    | Found Xecik's Food Shoppe.
 24086 | Orc:2    | Found Giaco's Antique Weapon Shoppe.
 24086 | Orc:2    | Found Pusoum's Gadget Shop.
 24243 | Orc:2    | Found a roughly hewn altar of Beogh.
 24301 | Orc:2    | Found a roughly hewn altar of Beogh.
 24342 | Orc:2    | Found Ziyqos's Assorted Antiques.
 24342 | Orc:2    | Found Bionkasch's Food Shoppe.
 24835 | Elf:1    | Entered Level 1 of the Elven Halls
 25201 | Shoals:1 | HP: 2/133 [sea snake (11)]
 25568 | Slime:1  | Entered Level 1 of the Pits of Slime
 25579 | Slime:1  | Noticed an acid blob
 25584 | Slime:1  | Reached skill level 10 in Maces & Flails
 25593 | Slime:1  | Killed an acid blob
 25765 | Slime:1  | Noticed an acid blob
 25776 | Slime:1  | Killed an acid blob
 25776 | Slime:1  | Reached XP level 17. HP: 108/139 MP: 21/21
 25878 | Slime:1  | Noticed an acid blob
 25884 | Slime:1  | Killed an acid blob
 25895 | Slime:1  | Noticed an acid blob
 25901 | Slime:1  | Killed an acid blob
 25938 | Slime:1  | Noticed an acid blob
 25944 | Slime:1  | Killed an acid blob
 25964 | Slime:1  | Noticed an acid blob
 25982 | Slime:1  | Killed an acid blob
 26386 | Slime:2  | Noticed an acid blob
 26396 | Slime:2  | Killed an acid blob
 26400 | Slime:2  | Gained mutation: Your spells are a little easier to cast, but a little less powerful. [a shining eye]
 26418 | Slime:3  | Noticed an acid blob
 26427 | Slime:3  | Killed an acid blob
 26876 | Slime:4  | Noticed an acid blob
 26883 | Slime:4  | Killed an acid blob
 26884 | Slime:4  | Noticed an acid blob
 26891 | Slime:4  | Killed an acid blob
 27011 | Slime:4  | Noticed an acid blob
 27018 | Slime:4  | Killed an acid blob
 27827 | Slime:5  | Entered Level 5 of the Pits of Slime
 27900 | Slime:5  | Noticed an acid blob
 27906 | Slime:5  | Killed an acid blob
 27907 | Slime:5  | Noticed an acid blob
 27919 | Slime:5  | Killed an acid blob
 27920 | Slime:5  | Noticed the Royal Jelly
 27920 | Slime:5  | Noticed an acid blob
 27923 | Slime:5  | Noticed an acid blob
 27923 | Slime:5  | Noticed an acid blob
 27926 | Slime:5  | Noticed an acid blob
 28089 | Slime:5  | Killed an acid blob
 28111 | Slime:5  | Killed an acid blob
 28113 | Slime:5  | Noticed an acid blob
 28128 | Slime:5  | Gained mutation: Scrolls take you a little longer to read. [a shining eye]
 28133 | Slime:5  | Killed an acid blob
 28153 | Slime:5  | Noticed an acid blob
 28167 | Slime:5  | Killed an acid blob
 28168 | Slime:5  | Killed an acid blob
 28234 | Slime:5  | Killed an acid blob
 28297 | Slime:5  | Noticed an acid blob
 28306 | Slime:5  | Killed an acid blob
 28342 | Slime:5  | Noticed an acid blob
 28356 | Slime:4  | Slain by an azure jelly

Vault maps used:
D:1:      dpeg_arrival_connections
D:3:      lemuel_doored_altar, first_bread, uniq_iyjb
D:4:      dancing_weapons_uskayaw, minmay_temple_entry_hall,
          nemelex_dance_club_becter, uniq_crazy_yiuf_cottage
D:5:      tso_metal_star, nicolae_overflow_hidden_temple, gup_sewer_entry_spiral
D:6:      lemuel_crystal_altar, uniq_menkaure, uniq_pikel
D:7:      nicolae_qazlal_style_of_elements
D:8:      old_standard_altar, grunt_pakellas_sulfur, okawaru_trees_1,
          lightli_temple_of_fire, kennysheep_generic_room_9, uniq_erica,
          uniq_erolcha, uniq_maurice
D:9:      wad_lake_hut, grunt_temple_overflow_open,
          hangedman_abyss_or_decor_stagger
D:12:     david_orc_4
D:13:     hangedman_vaults_entry_quadrant_bands, nicolae_trove_entry_columns,
          serial_shops, shop, uniq_snorg
D:14:     corexii_leaking_fountain
D:15:     gammafunk_depths_entry_grave, hangedman_decor_peaks_small,
          uniq_rupert, uniq_azrael
Temple:   chambers_temple_10
Lair:1:   lemuel_fruit_tree, lemuel_fruit_fields
Lair:2:   special_room, beast_lair_carwin_6, uniq_nergalle
Lair:3:   minmay_shoals_entry_beasts, spider_nest_entry_a, grunt_megastairs_5
Lair:4:   st_stairs_10, grunt_megastairs_3
Lair:5:   minmay_slime_entry_jelly_boxes
Lair:6:   minmay_lair_end_enchanted_forest, uniq_kirke
Shoals:1: nicolae_shoals_flooded_hall
Spider:1: nicolae_spider_mines_1, spider_trap, zaba_anthell
Spider:4: grunt_spider_rune_circles, nicolae_spider_cling_ruins, uniq_aizul
Slime:1:  cheibrodos_slime_lost_civilization_7
Slime:3:  cheibrodos_slime_lost_civilization_2
Slime:4:  nicolae_slime_barrier
Orc:1:    basic_altar, serial_shops, shop, uniq_josephine
Orc:2:    st_orc_town, basic_altar, serial_shops, nicolae_shop_behind_doors
Elf:1:    eino_elf_arrival_sip, serial_shops, shop, orc_legates,
          bh_hangedman_babel_library
Depths:1: kennysheep_treasure_stockpile, hell_entry, serial_bayou_lake_a,
          firewood_loft

Skill      XL: |  1  2  3  4  5  6  7  8  9 10 11 12 13 14 15 16 17 |
---------------+----------------------------------------------------+-----
Dodging        | 3 5 8 10 11 | 11.1
Fighting       | 3 4 5 6 7 9 10 11 13 14 | 14.4
Staves         | 1 2 3 4 9 11 12 | 12.1
Throwing       | 2 3 5 |  5.0
Armour         | 1 5 8 10 11 14 15 | 15.0
Invocations    | 4 6 |  6.0
Shields        | 5 7 9 |  9.4
Maces & Flails | 4 10 12 | 12.3

Action                   |  1- 3 |  4- 6 |  7- 9 | 10-12 | 13-15 | 16-18 || total
-------------------------+-------+-------+-------+-------+-------+-------++-------
Melee: Flail             |    64 |       |       |       |       |       ||    64
       Quarterstaff      |    71 |   103 |   200 |   521 |  1006 |       ||  1901
       Demon whip        |       |       |       |       |   141 |  1014 ||  1155
Throw: Throwing net      |       |     2 |     1 |       |       |       ||     3
       Tomahawk          |       |       |       |     5 |    13 |    16 ||    34
Invok: Recall Ancestor   |       |       |     1 |     1 |     3 |     1 ||     6
       Ancestor Life: Ba |       |       |     1 |       |       |       ||     1
       Idealise          |       |       |       |       |     2 |     1 ||     3
Battlemage: Bolt         |       |       |       |       |     1 |       ||     1
       Transference      |       |       |       |       |       |     1 ||     1
 Abil: Evoke Flight      |       |       |       |       |       |     1 ||     1
Evoke: Wand              |       |       |     1 |     2 |     1 |     7 ||    11
       Disc of storms    |       |       |       |       |     1 |       ||     1
  Use: Scroll            |     1 |       |    12 |    16 |    15 |     9 ||    53
       Potion            |       |     2 |     4 |     2 |     6 |     4 ||    18
 Stab: Held in net/web   |       |     1 |       |       |       |       ||     1
       Distracted        |       |       |     4 |     6 |    15 |    16 ||    41
       Petrifying        |       |       |       |     4 |       |       ||     4
       Petrified         |       |       |       |     1 |       |       ||     1
       Paralysed         |       |       |       |     1 |     5 |       ||     6
       Confused          |       |       |       |       |     1 |       ||     1
  Eat: Chunk             |     2 |     6 |    11 |    18 |    36 |    11 ||    84
       Fruit             |       |       |       |       |     1 |     4 ||     5
       Meat ration       |       |       |       |       |     1 |     1 ||     2
       Pizza             |       |       |       |       |       |     4 ||     4
       Bread ration      |       |       |       |       |       |     1 ||     1
Armor: Leather armour    |    18 |       |       |       |       |       ||    18
       Chain mail        |    58 |    68 |   105 |    29 |       |       ||   260
       Plate armour      |       |       |       |   353 |   719 |   659 ||  1731
Dodge: Dodged            |    66 |    45 |    61 |   145 |   422 |   330 ||  1069
Block: Buckler           |       |       |       |       |    54 |   257 ||   311
